 Dungeon Crawl Stone Soup version 0.29-a0-717-g6dac4ea423 (webtiles) character file.

Game seed: 13359316596875864507

4 blackman the Sneak (level 1, -3/16 HPs)
             Began as a Human Delver on June 26, 2022.
             Slain by Grinder (6 damage)
             ... on level 4 of the Dungeon.
             The game lasted 00:02:40 (239 turns).

blackman the Sneak (Human Delver)                    Turns: 239, Time: 00:02:40

Health: -3/16      AC:  3    Str: 12    XL:     1   Next: 66%
Magic:  1/1        EV: 12    Int: 10    God:
Gold:   13         SH:  0    Dex: 14    Spells: 0/0 levels left

rFire   . . .      SeeInvis .   a - +0 hand axe
rCold   . . .      Faith    .   (no shield)
rNeg    . . .      Spirit   .   b - +0 leather armour
rPois   .          Reflect  .   (helmet restricted)
rElec   .          Harm     .   (no cloak)
rCorr   .          Rampage  .   (no gloves)
Will    .....      Clarity  +   (no boots)
Stlth   +++.......              (no amulet)
HPRegen 0.05/turn               (no ring)
MPRegen 0.07/turn               (no ring)

@: no status effects
A: antennae 1, talons 1, clarity, frail 1
a: no special abilities


You were on level 4 of the Dungeon.
You visited 1 branch of the dungeon, and saw 2 of its levels.

You collected 13 gold pieces.

Inventory:

Hand Weapons
 a - a +0 hand axe (weapon)
Armour
 b - a +0 leather armour (worn)
Jewellery
 j - a +4 ring of protection
Scrolls
 c - a scroll of fog
 d - a scroll of enchant armour {unknown}
 i - a scroll of identify {unknown}
Potions
 e - a potion of berserk rage (quivered) {unknown}
 f - a potion of flight {unknown}
 g - a potion of attraction {unknown}
 h - a potion of resistance {unknown}


   Skills:
 + Level 3.0 Fighting
 + Level 2.1 Axes
 + Level 2.1 Dodging
 + Level 5.0 Stealth


You couldn't memorise any spells.
You didn't know any spells.
Your spell library was empty.

Dungeon Overview and Level Annotations

Branches:
Dungeon (5/15)
 Temple: D:4-7

Altars:
Elyvilon
Uskayaw
Vehumet

Annotations:
D:4 Grinder


Innate Abilities, Weirdness & Mutations

You have a pair of small antennae on your head.
You have sharp toenails.
You possess an exceptional clarity of mind.
You are frail. (-10% HP)


Message History

The quokka bites you but does no damage.
The kobold hits you with a +0 short sword.
The quokka barely misses you.
You closely miss the quokka.
The quokka is almost dead.
You hit the kobold.
You kill the kobold!
The quokka barely misses you.
You closely miss the quokka.
The quokka is almost dead.
The quokka bites you. x2
You hit the quokka.
You kill the quokka!
No target in view!
e - a bubbling white potion
There are no items here.
g - a coppery potion
There are no items here.
Found a granite ring.
h - a silvery potion
There are no items here.
i - a scroll labelled UXKUMA TODOA
There are no items here.
Grinder comes into view.
Grinder blinks!
Grinder gestures at you.
You suddenly lose the ability to move!
Grinder rolls her eyes.
Grinder gestures at you.
You shrug off the repeated paralysis!
You can move again.
Grinder hits you but does no damage.
You see here a +4 ring of protection.
j - a +4 ring of protection Grinder misses you.
Grinder hits you!
Ouch! That really hurt!
* * * LOW HITPOINT WARNING * * *
You writhe in agony.
You die...

..##....####.8)....8.#
..# ...+............##
..# ..####..8...8...#
.o# .#
#....8.....####. ... #
#............... ...#
##.......######. .o.#
#.#._.#.# ....
#.......# .>.o
#####@#### .....
#....5...# #........#
#........# #........#
#........# ##########


You could see Grinder.

Vanquished Creatures
  A giant cockroach (D:4)
  A kobold (D:4)
  A quokka (D:4)
3 creatures vanquished.

Notes
Turn   | Place    | Note
-------+----------+-------------------------------------------
     0 | D:5      | blackman the Human Delver began the quest for the Orb.
     0 | D:5      | Reached XP level 1. HP: 18/18 MP: 1/1
    23 | D:5      | Noticed an iguana
    75 | D:5      | Found a radiant altar of Vehumet.
   103 | D:5      | Noticed an ice beast
   176 | D:4      | Found a white marble altar of Elyvilon.
   176 | D:4      | Noticed a hound
   178 | D:4      | Gained mutation: Your mind is acute. (Int +4, Str/Dex -1)
                  | [potion of mutation]
   178 | D:4      | Gained mutation: You occasionally lose the ability to drink
                  | potions when taking damage. [potion of mutation]
   183 | D:4      | Lost mutation: You occasionally lose the ability to drink
                  | potions when taking damage. [potion of mutation]
   183 | D:4      | Lost mutation: Your mind is acute. (Int +4, Str/Dex -1)
                  | [potion of mutation]
   183 | D:4      | Gained mutation: You are frail. (-10% HP) [potion of
                  | mutation]
   183 | D:4      | Gained mutation: You have a pair of small antennae on your
                  | head. [potion of mutation]
   183 | D:4      | Gained mutation: You possess an exceptional clarity of
                  | mind. [potion of mutation]
   183 | D:4      | Gained mutation: You have sharp toenails. [potion of
                  | mutation]
   195 | D:4      | Found a hide-covered altar of Uskayaw.
   232 | D:4      | Noticed Grinder
   233 | D:4      | Paralysed by Grinder for 3 turns
   239 | D:4      | Slain by Grinder

Illustrated notes

Levels and vault maps discovered:
D:4:      layout_basic, nicolae_uskayaw_dance_hall, mainiacjoe_overflow_paths,
          eino_curves_01, uniq_grinder
D:5:      layout_basic, mainiacjoe_overflow_alcove_4

Action                   || total
-------------------------++-------
Melee: Hand axe          ||    11
       Kick              ||     1
Evoke: Wand              ||     3
  Use: Potion            ||     3
       Scroll            ||     2
Armor: Leather armour    ||     6
Dodge: Dodged            ||     7

Table legend: (Time is in decaauts)
 A = Elapsed time spent in this place.
 B = Non-inter-level travel time spent in this place.
 C = Inter-level travel time spent in this place.
 D = Time resting spent in this place.
 E = Time spent auto-exploring this place.
 F = Levels seen in this place.
 G = Mean time per level.
                   A        B        C        D        E       F      G
               +--------+--------+--------+--------+--------+-----+--------+
         Total |    221 |    168 |     53 |      0 |     25 |   2 |  110.5 |
       Dungeon |    221 |    168 |     53 |      0 |     25 |   2 |  110.5 |
               +--------+--------+--------+--------+--------+-----+--------+

Top non-repeatable levels by time:
     D:5: 126 daAuts
     D:4: 95 daAuts
